 Dungeon Crawl Stone Soup version 0.29.1-15-g9cfb28693d (webtiles) character file.

Game seed: 9616367493255382701

190 javelincjr the Magician (level 5, -3/38 HPs)
             Began as a Demonspawn Hedge Wizard on Apr 5, 2023.
             Was a Believer of Sif Muna.
             Killed by nerve-wracking pain
             ... invoked by Grinder
              (9 damage)
             ... on level 3 of the Dungeon.
             The game lasted 00:24:34 (3132 turns).

javelincjr the Magician (Demonspawn Hedge Wizard)   Turns: 3132, Time: 00:24:34

Health: -3/38      AC:  5    Str: 12    XL:     5   Next: 41%
Magic:  0/10       EV: 12    Int: 16    God:    Sif Muna [**....]
Gold:   38         SH:  0    Dex: 12    Spells: 4/11 levels left

rFire   . . .      SeeInvis +   w - +0 sling (freeze)
rCold   + . .      Faith    .   (no shield)
rNeg    . . .      Spirit   +   q - +2 robe {rC+}
rPois   .          Reflect  .   c - +0 hat
rElec   .          Harm     .   (no cloak)
rCorr   .          Rampage  .   (no gloves)
Will    .....                   u - +0 pair of boots
Stlth   ++........              y - amulet of guardian spirit
HPRegen 0.12/turn               n - ring of see invisible
MPRegen 0.12/turn               v - ring of wizardry

@: no status effects
A: claws 1, powered by death 2
a: Renounce Religion, Channel Magic


You were on level 3 of the Dungeon.
You worshipped Sif Muna.
Sif Muna was pleased with you.
You visited 1 branch of the dungeon, and saw 3 of its levels.

You collected 38 gold pieces.

Inventory:

Hand Weapons
 a - a +0 dagger
 w - a +0 sling of freezing (weapon)
Armour
 b - a +0 robe
 c - a +0 hat (worn)
 q - a +2 robe of cold resistance (worn)
 u - a +0 pair of boots (worn)
Magical Staves
 r - a staff of cold
 t - a staff of earth
Jewellery
 n - a ring of see invisible (left claw)
 v - a ring of wizardry (right claw)
 y - an amulet of guardian spirit (around neck)
Scrolls
 e - 2 scrolls of teleportation {unknown}
 f - a scroll of fog {unknown}
 g - a scroll of enchant weapon {unknown}
 i - a scroll of summoning {unknown}
 j - a scroll of torment {unknown}
 k - 2 scrolls of fear {unknown}
 l - 2 scrolls of identify {unknown}
 m - a scroll of enchant armour {unknown}
 o - a scroll of brand weapon {unknown}
 p - a scroll of noise {unknown}
Potions
 d - a potion of magic
 h - a potion of heal wounds {unknown}
 s - a potion of brilliance {unknown}
 x - a potion of might


   Skills:
 * Level 2.2 Fighting
 + Level 0.5 Short Blades
 + Level 0.8 Armour
 + Level 2.3 Dodging
 - Level 1.9 Stealth
 * Level 3.6 Spellcasting
 + Level 1.7 Conjurations
 + Level 1.8 Summonings
 + Level 1.7 Translocations
 + Level 1.2 Invocations


You had 4 spell levels left.
You knew the following spells:

 Your Spells              Type           Power      Damage    Failure   Level
a - Magic Dart            Conj           32%        1d4       3%          1
b - Call Imp              Summ           8%         N/A       4%          2
c - Blink                 Tloc           16%        N/A       5%          2
d - Poisonous Vapours     Pois/Air       4%         N/A       11%         2

Your spell library contained the following spells:

 Spells                   Type           Power      Damage    Failure   Level
 Necrotise                Necr           8%         1d4       8%          1
 Slow                     Hex            8%         N/A       8%          1
 Sting                    Tmut/Pois      8%         1d3       8%          1
 Conjure Flame            Conj/Fire      5%         6-21      16%         3
 Mephitic Cloud           Conj/Pois/Air  4%         N/A       16%         3
 Confusing Touch          Hex            2%         N/A       21%         3
 Vampiric Draining        Necr           2%         2d6       21%         3
 Olgreb's Toxic Radiance  Pois           2%         N/A       54%         4
 Agony                    Necr           2%         N/A       86%         5


Dungeon Overview and Level Annotations

Branches:
Dungeon (3/15)

Altars:
Gozag
Sif Muna
Uskayaw

Annotations:
D:3 Grinder


Innate Abilities, Weirdness & Mutations

You have sharp fingernails.
You regenerate health from kills.


Message History

The orc hits your shadow imp with a +0 hand axe!
Casting: Magic Dart (safe; 3% risk of failure)
Confirm with . or Enter, or press ? or * to list all spells.
Aiming: Magic Dart (safe; 3% risk of failure)
Press: ? - help, Shift-Dir - straight line, f/p - Grinder
Aim: Grinder (moderately wounded, 100% to hit)
Okay, then.
Fire: w) +0 sling (freeze)
Press: ? - help, Q - select action, (/) - cycle Shift-Dir - straight line, f/p - Grinder
Aim: Grinder (moderately wounded, 50% to hit)
You shoot a sling bullet.
The sling bullet closely misses Grinder.
Your shadow imp disappears in a puff of smoke!
Casting: Magic Dart (safe; 3% risk of failure)
Confirm with . or Enter, or press ? or * to list all spells.
You blink.
Grinder says, "Mostly I couldn't keep them alive."
Grinder attacks as you move away! Grinder hits you.
You writhe in agony.
Grinder gestures at you.
You barely resist.
You feel stable enough to blink again. Grinder gestures at you.
Pain shoots through your body!
* * * LOW HITPOINT WARNING * * *
Things that are here:
a +0 whip; a +0 leather armour
Okay, then.
Things that are here:
a +2 dagger of distortion; a +0 ring mail Magic courses through your body.
Grinder blinks!
Casting: Blink (safe; 5% risk of failure)
Confirm with . or Enter, or press ? or * to list all spells.
A beastly little devil appears in a puff of frigid air.
Grinder attacks as you move away! Grinder hits you.
* * * LOW HITPOINT WARNING * * *
You writhe in agony.
* * * LOW HITPOINT WARNING * * *
Grinder gestures at you. Pain shoots through your body!
You die...

########### #...o.....#
#.#######.# #.##.#.##.#
#.#.#.# #.# #..#.# #.#
##o#..# #.####### ####
#@)5.## #..^†.).. .....
#.#..## ##.###†.!
#......#5.## #.# #)[#
#.>...)...########.# #..#
#..................###)..
#......######.........††÷
###...# #.#########.#
#.... # #.# #.## .# ##..


You could see Grinder and an orc.

Vanquished Creatures
  5 gnolls (D:3)
  3 adders
  A dart slug (D:1)
  An orc (D:3)
  9 bats
  4 endoplasms
  A giant cockroach (D:2)
  3 goblins
  2 hobgoblins
  A jackal (D:2)
  2 quokkas
  2 ball pythons
  2 frilled lizards
  7 kobolds
  6 rats
49 creatures vanquished.

Vanquished Creatures (collateral kills)
  Jessica (D:3)
  A gnoll (D:3)
  An adder (D:3)
  2 worms
  2 dart slugs (D:3)
  An orc (D:3)
  A bat (D:3)
  A giant cockroach (D:2)
  2 jackals (D:2)
  A ball python (D:3)
13 creatures vanquished.

Grand Total: 62 creatures vanquished

Notes
Turn   | Place    | Note
-------+----------+-------------------------------------------
     0 | D:1      | javelincjr the Demonspawn Hedge Wizard began the quest for
                  | the Orb.
     0 | D:1      | Reached XP level 1. HP: 13/13 MP: 4/4
   157 | D:1      | Reached skill level 1 in Translocations
   260 | D:1      | Found a faded altar of an unknown god.
   268 | D:1      | Prayed at the altar of an unknown god.
   268 | D:1      | Became a worshipper of Sif Muna the Loreminder
   268 | D:1      | Reached * piety under Sif Muna
   426 | D:1      | Gained mutation: You regenerate a little health from kills.
                  | [demonic ancestry]
   426 | D:1      | Reached XP level 2. HP: 19/19 MP: 0/6
  1024 | D:2      | Gained mutation: You regenerate health from kills. [demonic
                  | ancestry]
  1024 | D:2      | Reached XP level 3. HP: 12/25 MP: 0/7
  1098 | D:1      | Learned a level 2 spell: Call Imp
  1101 | D:1      | Learned a level 2 spell: Blink
  1224 | D:2      | Reached skill level 1 in Fighting
  1697 | D:2      | Reached ** piety under Sif Muna
  2026 | D:2      | Gained mutation: You have sharp fingernails. [demonic
                  | ancestry]
  2026 | D:2      | Reached XP level 4. HP: 31/32 MP: 0/9
  2616 | D:3      | Learned a level 2 spell: Poisonous Vapours
  2647 | D:3      | Reached skill level 1 in Invocations
  2659 | D:3      | Found an opulent altar of Gozag.
  2660 | D:3      | Found a hide-covered altar of Uskayaw.
  2660 | D:3      | Found a shimmering blue altar of Sif Muna.
  2935 | D:3      | Reached XP level 5. HP: 38/38 MP: 4/10
  3049 | D:3      | Noticed Jessica
  3049 | D:3      | Killed Jessica
  3052 | D:3      | Noticed Grinder
  3132 | D:3      | Killed from afar by Grinder

Illustrated notes

Levels and vault maps discovered:
D:1:      scummos_arrival_gate, layout_basic,
          dreamdust_ecumenical_altar_hidden_monk_grotto
D:2:      layout_basic
D:3:      layout_loops_ring, general_overflow_altar,
          gammafunk_temple_overflow_forgotten, minmay_increasing_density,
          uniq_grinder, uniq_jessica

Skill      XL: |  1  2  3  4 |
---------------+-------------+-----
Translocations | 1 |  1.7
Dodging        | 2 |  2.3
Fighting       | 1 2 |  2.2
Invocations    | 1 |  1.2
Short Blades   | |  0.5
Armour         | |  0.8
Stealth        | |  1.9
Spellcasting   | |  3.6
Conjurations   | |  1.7
Summonings     | |  1.8

Action                   |  1- 3 |  4- 6 || total
-------------------------+-------+-------++-------
Melee: Dagger            |    53 |       ||    53
       Punch             |     1 |       ||     1
 Fire: Sling             |       |    61 ||    61
 Cast: Magic Dart        |    75 |    13 ||    88
       Call Imp          |     6 |    18 ||    24
       Blink             |     1 |     2 ||     3
       Poisonous Vapours |       |     3 ||     3
  Use: Potion            |     4 |     1 ||     5
 Stab: Sleeping          |     1 |       ||     1
Armor: Robe              |    13 |     7 ||    20
Dodge: Dodged            |    63 |    21 ||    84
